 Dungeon Crawl Stone Soup version 0.27.1-34-g3ba077fa99 (webtiles) character file.

Game seed: 14822754875138750950

46 sankara the Ruffian (level 3, -7/28 HPs)
             Began as a Minotaur Transmuter on Jan 21, 2022.
             Mangled by Robin (8 damage)
             ... on level 1 of the Dungeon.
             The game lasted 00:02:39 (1580 turns).

sankara the Ruffian (Minotaur Transmuter)           Turns: 1580, Time: 00:02:40

Health: -7/28      AC:  2    Str: 14    XL:     3   Next: 46%
Magic:  2/4        EV: 12    Int: 10    God:
Gold:   39         SH:  0    Dex: 11    Spells: 2/5 levels left

rFire    . . .     SeeInvis .     - Unarmed
rCold    . . .     Faith    .   (no shield)
rNeg     . . .     Spirit   .   a - +0 robe
rPois    .         Reflect  .   (helmet restricted)
rElec    .         Harm     .   (no cloak)
rCorr    .         Rampage  .   (no gloves)
Will     .....                  (no boots)
Stlth    +.........             (no amulet)
HPRegen  0.09/turn              (no ring)
MPRegen  0.09/turn              (no ring)

@: wereblooded
A: horns 2, retaliatory headbutt
a: no special abilities


You were on level 1 of the Dungeon.
You visited 1 branch of the dungeon, and saw 2 of its levels.

You collected 39 gold pieces.

Inventory:

Missiles
 d - 13 stones
Armour
 a - a +0 robe (worn)
Scrolls
 b - a scroll of fog {unknown}
 c - a scroll of teleportation {unknown}


   Skills:
 - Level 1.2 Fighting
 - Level 2.1 Dodging
 + Level 4.1 Unarmed Combat
 - Level 1.5 Spellcasting
 + Level 2.4 Transmutations


You had 2 spell levels left.
You knew the following spells:

 Your Spells              Type           Power      Damage    Failure   Level
a - Beastly Appendage     Tmut           10%        N/A       12%         1
b - Wereblood             Tmut           5%         N/A       19%         2

Your spell library contained the following spells:

 Spells                   Type           Power      Damage    Failure   Level
 Sublimation of Blood     Necr           0%         N/A       45%         2
 Spider Form              Tmut/Pois      1%         N/A       52%         3
 Ice Form                 Ice/Tmut       3%         N/A       89%         4
 Petrify                  Tmut/Erth      3%         N/A       89%         4
 Irradiate                Conj/Tmut      1%         3d14      99%         5


Dungeon Overview and Level Annotations

Branches:
Dungeon (2/15)

Altars:

Annotations:
D:1 Robin


Innate Abilities, Weirdness & Mutations

You have a pair of horns on your head.
You reflexively headbutt those who attack you in melee.


Message History

The goblins go into a battle-frenzy!
The hobgoblin hits you.
You closely miss the hobgoblin. Your kick misses the hobgoblin.
The hobgoblin is severely wounded.
The hobgoblin closely misses you. The hobgoblin hits you.
A goblin comes into view. It is wielding a +0 dagger.
You closely miss the hobgoblin.
The hobgoblin is severely wounded.
The goblin shouts!
You hear a shout!
The hobgoblin hits you. x2
You are too injured to fight recklessly!
The hobgoblin closely misses you. Robin closely misses you.
You furiously retaliate!
You headbutt Robin.
The hobgoblin hits you but does no damage.
You climb upwards.
There is a stone staircase leading down here.
You closely miss the hobgoblin. Your punch misses the hobgoblin.
The hobgoblin is severely wounded.
Robin barely misses you. The hobgoblin barely misses you. x2
You furiously retaliate!
You headbutt the hobgoblin. You hit the hobgoblin.
You feel a bit better.
You kill the hobgoblin!
Your talons disappear.
Robin hits you with a +6 spectral club!
* * * LOW HITPOINT WARNING * * *
The hobgoblin closely misses you. You furiously retaliate!
You headbutt the hobgoblin. You hit the hobgoblin.
You feel a bit better.
You kill the hobgoblin!
Robin hits you with a +6 spectral club!
* * * LOW HITPOINT WARNING * * *
Unknown command.
You hit Robin.
Robin is moderately wounded.
Robin completely misses you. You furiously retaliate!
You headbutt Robin. You hit Robin but do no damage.
Robin is heavily wounded.
You howl as the wereblood boils in your veins!
Robin hits you with a +6 spectral club!
You die...

.#
.#############
..........)..#
############.#
#.# #.#####
#.....#
#...)†#
#....@#
###...g.#
##.#.....#
#......###
##.#####
######.##
#.......#
#.#####.# #.#
#.#


You could see Robin.

Vanquished Creatures
  3 dart slugs (D:1)
  3 bats (D:1)
  3 endoplasms (D:1)
  2 giant cockroaches (D:1)
  5 goblins (D:1)
  6 hobgoblins (D:1)
  3 jackals (D:1)
  A kobold (D:1)
  2 quokkas
  3 ball pythons (D:1)
  2 rats (D:1)
33 creatures vanquished.

Vanquished Creatures (others)
  3 fungi (D:1)
  7 plants (D:1)
10 creatures vanquished.

Grand Total: 43 creatures vanquished

Notes
Turn   | Place    | Note
-------+----------+-------------------------------------------
     0 | D:1      | sankara the Minotaur Transmuter began the quest for the
                  | Orb.
     0 | D:1      | Reached XP level 1. HP: 16/16 MP: 1/1
   369 | D:1      | Reached XP level 2. HP: 23/23 MP: 1/3
   372 | D:1      | Learned a level 2 spell: Wereblood
   798 | D:1      | Found a faded altar of an unknown god.
   866 | D:1      | Reached skill level 4 in Unarmed Combat
   866 | D:1      | Reached XP level 3. HP: 27/28 MP: 2/4
  1490 | D:2      | Noticed Robin
  1578 | D:1      | HP: 1/28 [Robin (8)]
  1580 | D:1      | Mangled by Robin

Illustrated notes

Levels and vault maps discovered:
D:1:      scummos_arrival_checkerplants, layout_loops_ring,
          shapermc_ecumenical_altar_mp_ritualfount
D:2:      wander_river, layout_loops_corners, serial_forest,
          infiniplex_forest_lined_room_2, infiniplex_forest_clump_double,
          infiniplex_forest_straight_2, infiniplex_forest_lined_4_way,
          infiniplex_forest_clump_C, uniq_robin, uniq_jessica,
          uniq_crazy_yiuf_cottage

Skill      XL: |  1  2 |
---------------+-------+-----
Transmutations | 2 |  2.4
Unarmed Combat | 4 |  4.1
Fighting       | |  1.2
Dodging        | |  2.1
Spellcasting   | |  1.5

Action                   || total
-------------------------++-------
Melee: Unarmed           ||    76
       Kick              ||    12
       Headbutt          ||     5
       Punch             ||     2
 Cast: Beastly Appendage ||    22
       Wereblood         ||     1
 Stab: Distracted        ||     1
Armor: Robe              ||    15
Dodge: Dodged            ||    50
